 Dungeon Crawl Stone Soup version 0.23-b1-75-g379dba2534 (webtiles) character file.

Game seed: 17779675722208064187

11200 Laan the Devastator (level 11, -11/54 HPs)
             Began as a Gargoyle Wizard on Feb 7, 2019.
             Was a Priest of Vehumet.
             Killed from afar by Erolcha (19 damage)
             ... with an orb of energy
             ... on level 10 of the Dungeon.
             The game lasted 00:52:53 (17850 turns).

Laan the Devastator (Gargoyle Wizard)              Turns: 17850, Time: 00:52:53

Health: -11/54     AC: 13    Str: 11    XL:     11   Next: 74%
Magic:  25/25      EV: 12    Int: 22    God:    Vehumet [***...]
Gold:   352        SH:  0    Dex:  8    Spells: 21/30 levels left

rFire    . . .     SeeInvis +   M - +0 demon trident (vamp)
rCold    . . .     Gourm    .   (no shield)
rNeg     + . .     Faith    .   r - +0 robe
rPois    ∞         Spirit   .   D - +1 hat
rElec    +         Reflect  .   j - +0 cloak
rCorr    .         Harm     .   p - +0 pair of gloves
MR       .....                  (no boots)
Stlth    ++........             (no amulet)
HPRegen  0.18/turn              L - ring of wizardry
MPRegen  0.19/turn              Q - ring of see invisible

@: no status effects
A: negative energy resistance 1, electricity resistance, unbreathing,
petrification resistance, rot immunity, AC +8
a: Renounce Religion


You were on level 10 of the Dungeon.
You worshipped Vehumet.
Vehumet was most pleased with you.
You were not hungry.

You visited 2 branches of the dungeon, and saw 11 of its levels.

You collected 407 gold pieces.
You spent 55 gold pieces at shops.

Inventory:

Hand Weapons
 a - a +1 flail of protection
 b - a +2 dagger of venom
 t - a cursed -2 short sword
 F - the +3 hunting sling of Waath {freeze, MR+ Str+7 Int-2}
   (You found it on level 7 of the Dungeon)

   It causes projectiles fired from it to freeze those they strike, causing
   extra injury to most foes and up to half again as much damage against
   particularly susceptible opponents.
   They can also slow down cold-blooded creatures.
   It affects your strength (+7).
   It affects your intelligence (-2).
   It affects your resistance to hostile enchantments.
 G - a +2 shortbow of flaming
 M - a +0 vampiric demon trident (weapon)
 R - the cursed +0 war axe of the Whelk {elec, rN+ Str+4 Int+4 Dex-3}
   (You took it off a crimson imp on level 10 of the Dungeon)

   Occasionally, upon striking a foe, it will discharge some electrical energy
   and cause terrible harm.
   It affects your strength (+4).
   It affects your intelligence (+4).
   It affects your dexterity (-3).
   It protects you from negative energy.
   It has a curse placed upon it.
Missiles
 H - 18 arrows
Armour
 j - a +0 cloak (worn)
 p - a +0 pair of gloves (worn)
 r - a +0 robe (worn)
 D - a +1 hat (worn)
 K - a +0 large shield
Magical Staves
 g - a cursed staff of fire
 P - an uncursed staff of air
Jewellery
 L - a ring of wizardry (left hand)
 N - the amulet of Kintosm {Spirit MR+ Str+2 Int+3}
   (You took it off a crimson imp on level 10 of the Dungeon)

   [amulet of guardian spirit]

   It causes incoming damage to be split between your health and magic.
   It affects your strength (+2).
   It affects your intelligence (+3).
   It affects your resistance to hostile enchantments.
 O - the ring "Iharchoca" {Ice Str+8}
   (You found it on level 10 of the Dungeon)

   [ring of ice]

   It enhances your ice magic.
   It affects your strength (+8).
   It makes you vulnerable to fire.
   It protects you from cold.
 Q - a ring of see invisible (right hand)
Wands
 v - a wand of polymorph (6)
 z - a wand of iceblast (6)
 C - a wand of paralysis (4)
 E - a wand of random effects (31)
Scrolls
 c - a scroll of immolation {unknown}
 f - 4 scrolls of enchant armour
 h - 2 scrolls of identify
 k - 2 scrolls of magic mapping {unknown}
 m - 2 scrolls of fog {unknown}
 o - 3 scrolls of enchant weapon {unknown}
 q - 3 scrolls of teleportation
 s - 4 scrolls of remove curse {unknown}
 u - 6 scrolls of fear {unknown}
 w - 3 scrolls of amnesia {unknown}
 y - a scroll of noise {unknown}
 A - 2 scrolls of blinking {unknown}
 J - a scroll of brand weapon {unknown}
Potions
 e - a potion of berserk rage {unknown}
 i - a potion of ambrosia {unknown}
 l - 2 potions of brilliance {unknown}
 n - 7 potions of curing {unknown}
 x - a potion of might {unknown}
 B - 2 potions of flight {unknown}
 I - a potion of invisibility {unknown}
Comestibles
 d - 18 rations
 S - 2 chunks of flesh


   Skills:
 - Level 1.5 Dodging
 - Level 2.1 Stealth
 + Level 10.2 Spellcasting
 * Level 15.4 Conjurations
   Level 0.8 Summonings
   Level 0.8 Translocations


You had 21 spell levels left.
You knew the following spells:

 Your Spells              Type           Power        Failure   Level  Hunger
a - Magic Dart            Conj           ####         0%          1    None
b - Throw Flame           Conj/Fire      #####.       1%          2    None
c - Conjure Flame         Conj/Fire      #####...     1%          3    None
d - Mephitic Cloud        Conj/Pois/Air  ####....     1%          3    None

Your spell library contained the following spells:

 Spells                   Type           Power        Failure   Level  Hunger
 Beastly Appendage        Tmut           ##....       2%          1    None
 Blink                    Tloc           N/A          2%          2    None
 Call Imp                 Summ           ###.....     2%          2    None
 Slow                     Hex            ##......     3%          2    None
 Sticks to Snakes         Tmut           ##......     3%          2    None
 Spider Form              Tmut/Pois      ##........   8%          3    None
 Ice Form                 Ice/Tmut       ##......     24%         4    ##.....
 Blade Hands              Tmut           ##........   52%         5    ####...


Dungeon Overview and Level Annotations

Branches:
Dungeon (10/15)            Temple (1/1) D:6            Lair (0/6) D:9
    Orc: D:9-12

Altars:
Ashenzari
Dithmenos
Fedhas
Gozag
Makhleb
Nemelex Xobeh
Qazlal
Ru
Sif Muna
Uskayaw
Vehumet
Wu Jian
Xom
Yredelemnul
Zin

Shops:
D:5 *   D:9 !   D:10 [

Annotations:
D:10 Erolcha


Innate Abilities, Weirdness & Mutations

You are resistant to torment.
Your stone body is resilient. (AC +8)
You are immune to poison.
You resist negative energy. (rN+)
You are resistant to electric shocks. (rElec)
You can survive without breathing.
You are immune to petrification.
You are immune to rotting.


Message History

The orb of energy hits you!
The orb of energy explodes!
Erolcha casts a spell at you.
The fireball explodes!
The fireball engulfs you!
* * * LOW HITPOINT WARNING * * *
You hear a roar!
Things that are here:
a +0 dagger; a +0 robe; an orc skeleton Erolcha gestures at you while chanting.
The fireball explodes!
The fireball engulfs you.
* * * LOW HITPOINT WARNING * * *
You hear a roar!
There is an open door here.
You close the door.
Erolcha opens the door.
You close the door.
Erolcha opens the door.
Okay, then.
Unknown command.
You close the door.
Erolcha opens the door.
Erolcha casts a spell at you. The orb of energy hits you!!
You die...

.#.....#...###.#.#.###....[....#.
.#.#####.#.##.##.##.##.........#.
.#...#...#.#}#.....#.#.........#.
.###.#.###R###○..#.###.........#.
.'.#.....#.'○.##⌠##..'.........'.
.#.###.#.#####.#...###.........#.
.#.#...#...# #.....#}#.........#.
.#(#.#####.##.##.##.##.........#.
.#...#.....# #@#.###.........#.
.#####.##### ###'#########.#####.
..# #.# #.#...O.#.# #.# #.. ..#
#.## ##..###...# ##.# #.. ..#
#..## #.......#.# ##..# #.. ..##
##..#####.##.######..## #.. ...#
##.†...#..#)#......## #..# ...##
#####...##.#.###### #.## ....##
##.##.)...# #....


You could see Erolcha.

Vanquished Creatures
  2 two-headed ogres
  A cyclops (D:10)
  12 yaks
  A queen bee (D:9)
  Prince Ribbit (D:6)
  Grinder (D:6)
  3 hippogriffs
  A shadow (D:10)
  A wraith (D:10)
  A vampire mosquito (D:10)
  Menkaure (D:6)
  2 water moccasins
  2 ice beasts
  2 black bears
  5 phantoms
  4 orc warriors
  3 ogres
  10 sky beasts
  A necrophage (D:10)
  4 centaurs
  A big kobold (D:8)
  A bullfrog (D:6)
  A scorpion (D:9)
  7 wights (D:10)
  16 killer bees (D:9)
  A howler monkey (D:6)
  6 crimson imps
  2 bullfrog zombies
  3 jellies
  2 bullfrog skeletons
  6 hounds
  9 orc priests
  A gnoll shaman (D:10)
  3 iguanas
  15 orc wizards
  4 worker ants
  A killer bee zombie (D:10)
  A hound skeleton (D:4)
  3 worker ant zombies
  7 gnolls
  A howler monkey skeleton (D:4)
  6 adders
  A shadow imp (D:7)
  2 oozes
  2 adder zombies
  5 worms
  6 dart slugs
  7 leopard geckos
  37 orcs
  4 giant cockroaches
  9 goblins
  15 hobgoblins
  7 jackals
  3 quokkas
  A ball python (D:2)
  9 bats
  7 frilled lizards
  16 kobolds
  A leopard gecko skeleton (D:6)
  A leopard gecko zombie (D:8)
  A quokka skeleton (D:7)
  A quokka zombie (D:10)
  2 rats
292 creatures vanquished.

Vanquished Creatures (others)
  2 yaks (D:8)
  A water moccasin (D:10)
  A rat (D:3)
4 creatures vanquished.

Grand Total: 296 creatures vanquished

Notes
Turn   | Place    | Note
-------+----------+-------------------------------------------
     0 | D:1      | Laan the Gargoyle Wizard began the quest for the Orb.
     0 | D:1      | Reached XP level 1. HP: 10/10 MP: 4/4
   298 | D:1      | Reached XP level 2. HP: 15/15 MP: 0/6
   376 | D:1      | Reached skill level 2 in Conjurations
   786 | D:1      | Reached XP level 3. HP: 16/19 MP: 0/7
  1148 | D:2      | Reached skill level 3 in Conjurations
  1706 | D:2      | Reached XP level 4. HP: 23/24 MP: 0/9
  2406 | D:3      | Learned a level 3 spell: Conjure Flame
  2515 | D:2      | Reached skill level 4 in Conjurations
  3091 | D:3      | You fall through a shaft for 2 floors!
  3091 | D:5      | Entered Level 5 of the Dungeon
  3121 | D:5      | Reached XP level 5. HP: 28/28 MP: 2/10
  3177 | D:5      | Noticed an ice beast
  3204 | D:6      | Noticed Menkaure
  3207 | D:6      | Noticed a sky beast
  3233 | D:6      | Killed a sky beast
  3233 | D:6      | Reached skill level 5 in Conjurations
  3233 | D:6      | Reached XP level 6. HP: 21/32 MP: 0/12
  3379 | D:6      | Killed Menkaure
  3379 | D:6      | Reached skill level 6 in Conjurations
  3587 | D:6      | Noticed Prince Ribbit
  3623 | D:6      | Killed Prince Ribbit
  3623 | D:6      | Reached skill level 5 in Spellcasting
  3623 | D:6      | Reached XP level 7. HP: 36/36 MP: 4/14
  3740 | D:6      | Found a sacrificial altar of Ru.
  3763 | D:6      | Reached skill level 7 in Conjurations
  4877 | D:3      | Found a shimmering altar of Xom.
  4898 | D:3      | Found a shimmering altar of Xom.
  4899 | D:3      | Found a shimmering altar of Xom.
  4900 | D:3      | Found a shimmering altar of Xom.
  5205 | D:4      | Found a deep blue altar of Sif Muna.
  5206 | D:4      | Found a stormy altar of Qazlal.
  5207 | D:4      | Found a shattered altar of Ashenzari.
  5271 | D:4      | Reached XP level 8. HP: 33/41 MP: 8/16
  5433 | D:4      | Reached skill level 8 in Conjurations
  6692 | D:4      | Reached skill level 9 in Conjurations
  6900 | D:5      | Found an opulent altar of Gozag.
  6903 | D:5      | Found Gozag's Platinum Reserve.
  7476 | D:5      | Noticed a +0 hand axe
  7477 | D:5      | Noticed a +0 hand axe
  7479 | D:5      | Found a hide-covered altar of Uskayaw.
  7936 | D:6      | Reached XP level 9. HP: 37/45 MP: 7/18
  8023 | D:6      | Reached skill level 10 in Conjurations
  8142 | D:6      | Found a staircase to the Ecumenical Temple.
  8195 | D:6      | Noticed Grinder
  8227 | Temple   | Entered the Ecumenical Temple
  8237 | Temple   | Became a worshipper of Vehumet
  8470 | D:6      | Killed Grinder
  9159 | D:7      | Reached skill level 11 in Conjurations
  9485 | D:7      | Got a crystal hunting sling
  9486 | D:7      | Identified the +3 hunting sling of Waath {freeze, MR+ Str+7
                  | Int-2} (You found it on level 7 of the Dungeon)
 10055 | D:7      | Reached skill level 12 in Conjurations
 10073 | D:7      | Reached * piety under Vehumet
 10073 | D:7      | Offered knowledge of Sting by Vehumet.
 10073 | D:7      | Reached XP level 10. HP: 49/50 MP: 0/21
 10252 | D:7      | Found a shimmering altar of Xom.
 10255 | D:7      | Found a blossoming altar of Fedhas.
 10304 | D:7      | Found a basalt altar of Yredelemnul.
 10304 | D:7      | Found a sparkling altar of Nemelex Xobeh.
 10305 | D:7      | Found a sacrificial altar of Ru.
 10305 | D:7      | Found a shadowy altar of Dithmenos.
 12294 | D:9      | Offered knowledge of Freeze by Vehumet.
 12294 | D:9      | Reached skill level 13 in Conjurations
 12371 | D:9      | Found a staircase to the Lair.
 12371 | D:9      | Noticed a two-headed ogre
 12401 | D:9      | Killed a two-headed ogre
 12401 | D:9      | Reached ** piety under Vehumet
 12539 | D:9      | Found Qesicysask's Distillery.
 12542 | D:9      | Bought a potion of heal wounds for 55 gold pieces
 13086 | D:9      | Reached XP level 11. HP: 33/54 MP: 4/24
 13095 | D:9      | Reached skill level 14 in Conjurations
 15264 | D:9      | Learned a level 3 spell: Mephitic Cloud
 15289 | D:10     | Entered Level 10 of the Dungeon
 15547 | D:10     | Offered knowledge of Throw Flame by Vehumet.
 15566 | D:10     | Learned a level 2 spell: Throw Flame
 15730 | D:10     | Found Tacaga's Armour Emporium.
 15918 | D:10     | Noticed a two-headed ogre
 15930 | D:10     | Found a stormy altar of Qazlal.
 16212 | D:10     | Noticed a cyclops
 16222 | D:10     | Killed a cyclops
 16600 | D:10     | Reached skill level 15 in Conjurations
 16794 | D:10     | Reached skill level 10 in Spellcasting
 17027 | D:10     | Got a clouded ivory ring
 17028 | D:10     | Identified the ring "Iharchoca" {Ice Str+8} (You found it
                  | on level 10 of the Dungeon)
 17091 | D:10     | Identified the cursed +0 war axe of the Whelk {elec, rN+
                  | Str+4 Int+4 Dex-3}
 17091 | D:10     | Identified the amulet of Kintosm {Spirit MR+ Str+2 Int+3}
 17119 | D:10     | Killed a two-headed ogre
 17644 | D:10     | Noticed Erolcha
 17797 | D:10     | Reached *** piety under Vehumet
 17850 | D:10     | Killed from afar by Erolcha

Skill      XL: |  1  2  3  4  5  6  7  8  9 10 11 |
---------------+----------------------------------+-----
Conjurations   | 2 3 4 5 6 7 9 12 13 15 | 15.4
Spellcasting   | 4 5 6 7 9 10 | 10.2
Dodging        | |  1.5
Stealth        | |  2.1
Summonings     | |  0.8
Translocations | |  0.8

Action                   |  1- 3 |  4- 6 |  7- 9 | 10-12 || total
-------------------------+-------+-------+-------+-------++-------
Melee: Unarmed           |    19 |       |       |       ||    19
       Dagger            |     6 |       |    25 |   119 ||   150
       Short sword       |     2 |     7 |       |       ||     9
       Flail             |       |    20 |     3 |       ||    23
       Demon trident     |       |       |       |    88 ||    88
 Cast: Magic Dart        |    88 |   125 |   528 |   664 ||  1405
       Conjure Flame     |       |       |    12 |    31 ||    43
       Throw Flame       |       |       |       |    12 ||    12
Evoke: Wand              |       |       |     1 |     9 ||    10
  Use: Scroll            |       |       |     3 |     7 ||    10
       Potion            |       |       |       |     2 ||     2
 Stab: Sleeping          |       |       |       |     1 ||     1
  Eat: Chunk             |     2 |     5 |    17 |    15 ||    39
       Ration            |       |       |     1 |     4 ||     5
Armor: Robe              |    15 |    40 |    73 |   159 ||   287
Dodge: Dodged            |    35 |    41 |    72 |   207 ||   355
